[Event "Titled Tuesday Blitz June 28 Early 2022"]
[White "Li, Zhuoling"]
[Black "Bellahcene, Bilel"]
[WhiteFideId "8605629"]
[BlackFideId "696358"]
[WhiteElo "2298"]
[BlackElo "2543"]
[Result "0-1"]
[Round "07"]
[TimeControl "180+1"]
[Date "2022.06.28"]
[WhiteClock "0:00:06"]
[BlackClock "0:00:10"]

1. e4 Nf6 2. e5 Nd5 3. Nf3 d6 4. d4 dxe5 5. dxe5 Nc6 6. h3 Bf5 7. Bd3 Bxd3 8. Qxd3 Ndb4 9. Qxd8+ Rxd8 10. Na3 e6 11. O-O a6 12. Bg5 Be7 13. Bxe7 Kxe7 14. Rad1 Rxd1 15. Rxd1 Rd8 16. Rxd8 Nxd8 17. Kf1 Nxa2 18. Ke2 Nb4 19. c3 Nd5 20. g3 b5 21. Nc2 c5 22. Kd3 Nc6 23. Ke4 Nb6 24. b3 a5 25. Nd2 f5+ 26. exf6+ gxf6 27. f4 b4 28. Kd3 a4 29. bxa4 b3 30. Ne3 Na5 31. c4 Nxa4 32. g4 h6 33. h4 Kd6 34. g5 fxg5 35. fxg5 hxg5 36. hxg5 Ke5 37. Nf3+ Kd6 38. g6 Ke7 39. Ng4 b2 40. Kc2 Nxc4 41. Ng5 Na3+ 42. Kd2 b1=Q 43. g7 Qb2+ 44. Ke3 Nc4+ 45. Kd3 Qc3+ 46. Ke4 Nab6 47. g8=Q Nd6+ 48. Kf4 Nd5# 0-1


[Site "https://www.chess.com"]

[Event "Titled Tuesday Blitz June 28 Early 2022"]
[White "Liyanage, Ranindu Dilshan"]
[Black "Livaic, Leon"]
[WhiteFideId "9915834"]
[BlackFideId "14531534"]
[WhiteElo "1858"]
[BlackElo "2540"]
[Result "1-0"]
[Round "07"]
[TimeControl "180+1"]
[Date "2022.06.28"]
[WhiteClock "0:01:44"]
[BlackClock "0:01:22"]

1. e4 c6 2. d4 d5 3. e5 Bf5 4. h4 Qb6 5. Nc3 h5 6. Bd3 Bxd3 7. Qxd3 e6 8. Nf3 Ne7 9. O-O Nf5 10. Ne2 Qa6 11. Qd1 c5 12. c3 Nc6 13. Ng3 cxd4 14. Nxf5 exf5 15. Nxd4 Nxd4 16. Qxd4 Qc6 17. Rd1 Be7 18. Bg5 Bxg5 19. hxg5 Rd8 20. e6 fxe6 21. Qxg7 Rf8 22. Re1 Rd7 23. Qg6+ Ke7 24. Re5 Kd6 25. Rxe6+ 1-0


[Site "https://www.chess.com"]

[Event "Titled Tuesday Blitz June 28 Early 2022"]
[White "Magallanes, Rey Jomar"]
[Black "Bintang, Rasyid A. Hidayat"]
[WhiteFideId "5205948"]
[BlackFideId "7105355"]
[WhiteElo "2179"]
[BlackElo "2364"]
[Result "0-1"]
[Round "07"]
[TimeControl "180+1"]
[Date "2022.06.28"]
[WhiteClock "0:01:35"]
[BlackClock "0:01:35"]

1. e4 d5 2. exd5 Nf6 3. Nf3 Nxd5 4. d4 Bg4 5. c4 Nb6 6. Nc3 e5 7. dxe5 Qxd1+ 8. Nxd1 Nc6 9. Ne3 Bxf3 10. gxf3 Bb4+ 11. Bd2 Bxd2+ 12. Kxd2 O-O-O+ 13. Kc3 Nxe5 14. Be2 Na4+ 15. Kc2 Nxb2 16. Kxb2 Rd2+ 17. Kc3 Rxe2 18. Rhg1 g6 19. Rgf1 Nxf3 20. Kd3 Rd2+ 21. Ke4 Ng5+ 22. Kf4 Ne6+ 23. Kf3 c6 24. Rfd1 Rhd8 25. Rxd2 Rxd2 26. Rd1 Rxd1 27. Nxd1 Kd7 28. Ke3 Kd6 29. Nc3 Kc5 30. Ne4+ Kxc4 31. Nd6+ Kd5 32. Nxb7 c5 33. Na5 c4 34. h3 f5 35. f4 c3 36. a3 c2 37. Kd2 Nxf4 38. Kxc2 Nxh3 39. Nb3 g5 40. Nd2 g4 41. Nf1 f4 42. Kd3 g3 43. Ke2 g2 44. Nd2 g1=Q 45. Nf3 Qe3+ 0-1


[Site "https://www.chess.com"]

[Event "Titled Tuesday Blitz June 28 Early 2022"]
[White "Mangialardo, Tiago Carvalho"]
[Black "Gundam, Rohit"]
[WhiteFideId "2130718"]
[BlackFideId "75002809"]
[WhiteElo "2075"]
[BlackElo "2339"]
[Result "0-1"]
[Round "07"]
[TimeControl "180+1"]
[Date "2022.06.28"]
[WhiteClock "0:00:02"]
[BlackClock "0:01:18"]

1. e4 e5 2. Nf3 Nc6 3. Bb5 a6 4. Ba4 Nf6 5. d3 b5 6. Bb3 Be7 7. O-O O-O 8. c3 d6 9. Re1 Re8 10. Nbd2 Bb7 11. Nf1 Nb8 12. Ne3 g6 13. a4 Nbd7 14. Nd5 Nxd5 15. exd5 Nc5 16. axb5 axb5 17. Rxa8 Qxa8 18. c4 f5 19. Bc2 Bf6 20. Bg5 Kf7 21. Qd2 bxc4 22. dxc4 e4 23. Nd4 Qd8 24. Bxf6 Qxf6 25. b4 Nd7 26. Ne6 Rxe6 27. dxe6+ Qxe6 28. Qd4 Qe5 29. Qxe5 Nxe5 30. Bb3 c5 31. b5 Ke7 32. Rd1 Kd7 33. Kf1 e3 34. fxe3 Ng4 35. Ke2 Bxg2 36. Rg1 Bb7 37. h3 Ne5 38. h4 Nf3 39. Rg3 Nxh4 40. Rh3 g5 41. Bd1 Bg2 42. Kf2 Bxh3 43. Kg3 Bf1 44. Bc2 Bxc4 0-1


[Site "https://www.chess.com"]

[Event "Titled Tuesday Blitz June 28 Early 2022"]
[White "Marjanovic, Annamaria"]
[Black "Bharath Subramaniyam H"]
[WhiteFideId "750930"]
[BlackFideId "46634827"]
[WhiteElo "2156"]
[BlackElo "2242"]
[Result "1-0"]
[Round "07"]
[TimeControl "180+1"]
[Date "2022.06.28"]
[WhiteClock "0:00:09"]
[BlackClock "0:00:07"]

1. b3 e5 2. Bb2 Nc6 3. e3 Nf6 4. c4 d5 5. cxd5 Nxd5 6. Nf3 e4 7. Nd4 Nxd4 8. Bxd4 c5 9. Bb2 Nb4 10. Nc3 Nd3+ 11. Bxd3 Qxd3 12. Qb1 Bf5 13. Qxd3 exd3 14. f3 O-O-O 15. Rc1 b6 16. Kf2 Kb7 17. e4 Be6 18. Nd1 f6 19. Ne3 Bd6 20. g3 h5 21. f4 h4 22. Kf3 b5 23. g4 Kb6 24. Nf5 Bf8 25. Rhe1 a5 26. e5 g6 27. Ne3 f5 28. gxf5 gxf5 29. Rg1 Rh6 30. Rg5 h3 31. Nxf5 Bd5+ 32. Ke3 Re6 33. Rcg1 c4 34. Bd4+ Bc5 35. bxc4 Bxc4 36. a3 b4 37. axb4 axb4 38. Rc1 Kb5 39. Bxc5 Kxc5 40. Rg7 Rc6 41. Nd6 Kd5 42. Ne4 b3 43. Nc3+ Kc5 44. Ra1 Rb8 45. Rb1 Kb4 46. Ra7 Rg6 47. Ra4+ Kc5 48. Ne4+ Kd5 49. Nc3+ Kc5 50. Ne4+ Kd5 51. Nd6 Rxd6 52. exd6 Re8+ 53. Kf3 Rd8 54. Rc1 Bb5 55. Rb4 Rb8 56. Rxb3 Kxd6 57. Rcb1 Bc6+ 58. Ke3 Rg8 59. Rxd3+ Kc7 60. Rc1 Kb6 61. Rb3+ Kc7 62. Rbc3 Re8+ 63. Kf2 Re6 64. Rxc6+ Rxc6 65. Rxc6+ Kxc6 66. Kg3 Kd5 67. Kxh3 Ke4 68. Kg4 1-0


[Site "https://www.chess.com"]

[Event "Titled Tuesday Blitz June 28 Early 2022"]
[White "Martinez Alcantara, Jose Eduardo"]
[Black "Seo, Jung Min"]
[WhiteFideId "3805662"]
[BlackFideId "1734687"]
[WhiteElo "2703"]
[BlackElo "2414"]
[Result "0-1"]
[Round "07"]
[TimeControl "180+1"]
[Date "2022.06.28"]
[WhiteClock "0:00:42"]
[BlackClock "0:00:14"]

1. e4 c5 2. Nf3 d6 3. Bb5+ Nd7 4. O-O a6 5. Bxd7+ Qxd7 6. c3 Nf6 7. Re1 g6 8. d4 cxd4 9. cxd4 Bg7 10. Nc3 O-O 11. a4 Qd8 12. h3 Bd7 13. Bg5 Bc6 14. Qd2 d5 15. Bxf6 Bxf6 16. e5 Bg7 17. Nh2 Qb6 18. Ng4 Rfd8 19. f4 e6 20. Kh2 Rac8 21. Nf6+ Bxf6 22. exf6 Be8 23. Qf2 Rc4 24. Rad1 Bxa4 25. Rd3 Bb5 26. Qh4 Qd6 27. Re5 Rb4 28. Rd2 a5 29. Qg3 Qb6 30. f5 exf5 31. Nxd5 Rxd5 32. Rxd5 Qxf6 33. Re5 f4 34. Qg5 Qxg5 35. Rxg5 f5 36. g4 Bd7 37. gxf5 Bxf5 38. Rg1 Rb3 39. Rf1 Rxh3+ 40. Kg1 g5 41. Kf2 Rh2+ 42. Ke1 Rxd2 43. Kxd2 Kg7 44. d5 Kf6 45. Kc3 Ke5 46. Kc4 g4 47. Kc5 f3 48. Re1+ Kf4 49. d6 f2 50. Rf1 g3 51. Kb6 h5 52. Kc7 h4 53. Rc1 g2 54. Rc4+ Kg5 55. Rc5 f1=Q 56. d7 Qd3 57. d8=Q+ Qxd8+ 58. Kxd8 g1=Q 59. Rc7 Qd4+ 60. Ke8 Qh8+ 61. Ke7 Qg7+ 62. Kd6 Qxc7+ 63. Kxc7 b5 64. b4 axb4 65. Kd6 h3 66. Kd5 h2 67. Kd4 h1=Q 68. Kc5 b3 69. Kb6 b2 70. Ka5 b1=B 71. Kb6 Qd5 72. Ka5 b4+ 73. Kb6 Bd7 74. Kc7 Qc6+ 75. Kd8 Qc8+ 76. Ke7 b3 77. Kd6 Bg6 78. Ke5 b2 79. Kd5 b1=Q 80. Kd4 Qd3+ 81. Ke5 Qe8# 0-1


[Site "https://www.chess.com"]

[Event "Titled Tuesday Blitz June 28 Early 2022"]
[White "Martinez, Shawn"]
[Black "Tan, Jun Ying"]
[WhiteFideId "2039770"]
[BlackFideId "5710413"]
[WhiteElo "2174"]
[BlackElo "1827"]
[Result "0-1"]
[Round "07"]
[TimeControl "180+1"]
[Date "2022.06.28"]
[WhiteClock "0:00:02"]
[BlackClock "0:00:17"]

1. e4 c5 2. Nc3 Nc6 3. Bb5 Nd4 4. Nf3 g6 5. O-O Bg7 6. Re1 a6 7. Bf1 e6 8. e5 d6 9. exd6 Nf6 10. Ne4 Nxe4 11. Rxe4 Qxd6 12. c3 Nxf3+ 13. Qxf3 O-O 14. d4 cxd4 15. cxd4 Bd7 16. Bf4 Qb6 17. Qd3 Bc6 18. Re5 Bxe5 19. Bxe5 f6 20. Bf4 Qxb2 21. Re1 Bd5 22. h4 Qxa2 23. Bh6 Rf7 24. Rc1 Qb3 25. Rc3 Qb6 26. Qc2 Qd8 27. h5 g5 28. Bd3 Kh8 29. Rc5 b5 30. f4 gxf4 31. Bxf4 Qg8 32. Be4 Rd8 33. Bxd5 Rxd5 34. Rxd5 exd5 35. Qf5 Qd8 36. h6 Qd7 37. Qh5 Rf8 38. Qe2 a5 39. Qf3 b4 40. Be5 Qe7 41. Bg3 Qe4 0-1


[Site "https://www.chess.com"]

[Event "Titled Tuesday Blitz June 28 Early 2022"]
[White "Melikhov, Evgeny V."]
[Black "Thiel, Thomas"]
[WhiteFideId "4122046"]
[BlackFideId "4615964"]
[WhiteElo "1904"]
[BlackElo "2249"]
[Result "1-0"]
[Round "07"]
[TimeControl "180+1"]
[Date "2022.06.28"]
[WhiteClock "0:01:49"]
[BlackClock "0:00:50"]

1. d4 Nf6 2. c4 g6 3. Nc3 d5 4. cxd5 Nxd5 5. e4 Nxc3 6. bxc3 c5 7. Bc4 Bg7 8. Ne2 O-O 9. Be3 Nc6 10. h4 cxd4 11. cxd4 Qa5+ 12. Kf1 Qa3 13. Qc1 Qxc1+ 14. Rxc1 Bd7 15. h5 Rfc8 16. h6 Bh8 17. e5 e6 18. f4 Nb4 19. Kf2 Bc6 20. a3 Nd5 21. Bxd5 Bxd5 22. Rxc8+ Rxc8 23. Rc1 Rxc1 24. Nxc1 Bc4 25. g4 a6 26. g5 Kf8 27. Ke1 Ke7 28. Kd2 Kd7 29. Kc3 b5 30. a4 Kc6 31. axb5+ axb5 32. Nb3 Bxb3 33. Kxb3 Kd5 34. Kc3 Ke4 35. Bc1 b4+ 36. Kxb4 Kxd4 37. Kb5 Ke4 38. Kc6 Bxe5 39. fxe5 Kxe5 40. Kd7 Kf5 41. Ke7 1-0


[Site "https://www.chess.com"]

[Event "Titled Tuesday Blitz June 28 Early 2022"]
[White "Melkumyan, Hrant"]
[Black "Kollars, Dmitrij"]
[WhiteFideId "13302485"]
[BlackFideId "12909572"]
[WhiteElo "2604"]
[BlackElo "2584"]
[Result "1/2-1/2"]
[Round "07"]
[TimeControl "180+1"]
[Date "2022.06.28"]
[WhiteClock "0:00:10"]
[BlackClock "0:00:10"]

1. Nf3 d5 2. e3 Nf6 3. c4 e6 4. b3 c5 5. cxd5 Nxd5 6. Bb2 Nc6 7. Bb5 Bd7 8. O-O a6 9. Be2 Nf6 10. d4 Rc8 11. Nbd2 cxd4 12. Nxd4 Nxd4 13. Bxd4 Be7 14. Bf3 Bc6 15. Rc1 O-O 16. Bxc6 Rxc6 17. Rxc6 bxc6 18. Bxf6 Bxf6 19. Qc2 Qd5 20. Ne4 Rd8 21. Rc1 Be7 22. g3 Ba3 23. Rb1 Bb4 24. Rc1 Ba3 25. Ra1 h6 26. g4 Bb4 27. Ng3 a5 28. h3 Be7 29. Rc1 Ba3 30. Rf1 Be7 31. Qe4 Bd6 32. Qxd5 cxd5 33. Ne2 Ba3 34. Nd4 Rc8 35. Rd1 Kf8 36. Kg2 Ke7 37. h4 Bb2 38. Rd2 Bxd4 39. Rxd4 Kd6 40. Ra4 Rc5 41. b4 axb4 42. Rxb4 Rc4 43. Rb7 Rxg4+ 44. Kh3 Ra4 45. Rxf7 Rxa2 46. Kg3 g5 47. h5 Ra3 48. Kg2 Ra4 49. Rh7 Rg4+ 50. Kf3 Rh4 51. Rxh6 Ke5 52. Kg3 Kf5 53. f3 Rh1 54. Rh8 Kf6 55. Kg2 Rh4 56. Rh6+ Kf7 57. Kg3 Rh1 58. Kg2 Rh4 59. Kf2 Rh2+ 60. Kg3 Rh4 61. f4 Rh1 62. fxg5 Rg1+ 63. Kf4 Rf1+ 64. Kg3 Rg1+ 65. Kh4 Rh1+ 66. Kg4 Rg1+ 67. Kf4 Rf1+ 68. Ke5 Rf5+ 69. Kd6 Rxg5 70. Rxe6 Rxh5 71. Re5 Rh1 72. Kxd5 Rd1+ 73. Ke4 Kf6 74. Rf5+ Ke6 75. Ra5 Rb1 76. Ra6+ Ke7 77. Kf5 Rb5+ 78. Kf4 Rc5 79. Rg6 Rb5 80. Rh6 Kf7 81. Rh1 Ke6 82. Rd1 Rf5+ 83. Ke4 Re5+ 84. Kf3 Rf5+ 85. Ke2 Ra5 86. e4 Ke5 87. Ke3 Ra3+ 88. Rd3 Rxd3+ 89. Kxd3 Ke6 90. e5 Kxe5 1/2-1/2


[Site "https://www.chess.com"]

[Event "Titled Tuesday Blitz June 28 Early 2022"]
[White "Mendez Fortes, Eduardo Jesus"]
[Black "Silva Lucena, Cristian"]
[WhiteFideId "3502376"]
[BlackFideId "2232588"]
[WhiteElo "2321"]
[BlackElo "2223"]
[Result "0-1"]
[Round "07"]
[TimeControl "180+1"]
[Date "2022.06.28"]
[WhiteClock "0:00:14"]
[BlackClock "0:00:12"]

1. e4 c5 2. Nf3 d6 3. Bb5+ Nd7 4. a4 Nf6 5. Nc3 a6 6. Bc4 e6 7. O-O Be7 8. d4 cxd4 9. Qxd4 O-O 10. a5 Qc7 11. h3 Ne5 12. Nxe5 dxe5 13. Qd3 Rd8 14. Qe2 Bd7 15. Be3 Bc5 16. Bg5 Be7 17. Be3 Bc5 18. Bg5 Be7 19. Kh1 Rac8 20. Bd3 h6 21. Be3 Bc5 22. Bd2 Be8 23. f4 Bd4 24. f5 exf5 25. Rxf5 Rd6 26. Raf1 Nd7 27. Nd5 Qd8 28. c3 Ba7 29. Qg4 Kh8 30. c4 Nc5 31. Bc2 Ne6 32. Rxe5 Rxc4 33. Bb3 Rc8 34. Bb4 Bc5 35. Bc3 Bd4 36. Nb6 Bxb6 37. axb6 Rxc3 38. bxc3 Ng5 39. h4 Bd7 40. Qf4 Rf6 41. Qc1 Rxf1+ 42. Qxf1 Nh7 43. g3 Nf6 44. Bxf7 Qxb6 45. Bd5 Qe3 46. Qf4 Qe1+ 47. Kg2 Qe2+ 48. Kg1 Qe1+ 49. Qf1 Qxg3+ 50. Qg2 Qxe5 51. Bxb7 Qxc3 52. Qf2 Qe5 53. Kf1 Bb5+ 54. Kg1 a5 55. Bc8 a4 56. Bf5 a3 57. Qa7 a2 58. Qxa2 Qg3+ 59. Kh1 Qxh4+ 60. Kg2 Qg5+ 61. Kh2 Qf4+ 62. Kg2 Qf1+ 63. Kh2 Qe2+ 64. Qxe2 Bxe2 65. Kg3 Bd3 66. Kf4 Bxe4 67. Bxe4 Nxe4 68. Kxe4 Kh7 69. Kf5 g6+ 70. Kg4 Kg7 71. Kf4 Kf6 72. Kg4 h5+ 73. Kh4 Kf5 74. Kg3 g5 75. Kh3 h4 76. Kg2 Kf4 77. Kh3 g4+ 78. Kxh4 Kf3 0-1


[Site "https://www.chess.com"]

[Event "Titled Tuesday Blitz June 28 Early 2022"]
[White "Mickiewicz, Piotr"]
[Black "Sahil, Tickoo"]
[WhiteFideId "1114891"]
[BlackFideId "5019710"]
[WhiteElo "2209"]
[BlackElo "2047"]
[Result "1-0"]
[Round "07"]
[TimeControl "180+1"]
[Date "2022.06.28"]
[WhiteClock "0:01:50"]
[BlackClock "0:01:25"]

1. e4 c5 2. Nf3 d6 3. d4 cxd4 4. Qxd4 Nc6 5. Bb5 Bd7 6. Qd3 Nf6 7. Bg5 e6 8. Nc3 a6 9. Bxc6 Bxc6 10. O-O-O Rc8 11. Nd4 Be7 12. f4 Qc7 13. f5 e5 14. Bxf6 Bxf6 15. Nxc6 Qxc6 16. Qxd6 Bg5+ 17. Kb1 Qxd6 18. Rxd6 O-O 19. Rhd1 h5 20. a4 h4 21. g3 h3 22. R1d3 Rc4 23. b3 Rb4 24. Kb2 Rc8 25. f6 gxf6 26. Nd5 Rd4 27. Rxd4 exd4 28. Ne7+ 1-0


[Site "https://www.chess.com"]

[Event "Titled Tuesday Blitz June 28 Early 2022"]
[White "Mitrovic, Darko R"]
[Black "Jeet, Jain"]
[WhiteFideId "927023"]
[BlackFideId "5073022"]
[WhiteElo "2150"]
[BlackElo "2055"]
[Result "0-1"]
[Round "07"]
[TimeControl "180+1"]
[Date "2022.06.28"]
[WhiteClock "0:00:01"]
[BlackClock "0:00:19"]

1. d4 d5 2. c4 c6 3. Nf3 Nf6 4. e3 Bf5 5. Bd3 Bxd3 6. Qxd3 e6 7. O-O Nbd7 8. Nc3 Bd6 9. e4 dxe4 10. Nxe4 Nxe4 11. Qxe4 Nf6 12. Qe2 O-O 13. Bg5 Be7 14. Rad1 Qa5 15. b3 h6 16. Bh4 Rad8 17. Ne5 Rd6 18. f4 Rfd8 19. Bf2 Nd7 20. c5 Rd5 21. Nc4 Qa6 22. Qf3 Bf6 23. a4 Nf8 24. Nd6 Ng6 25. f5 exf5 26. Nxf5 Kh7 27. Nd6 Rd7 28. Be3 b6 29. Nf5 bxc5 30. Nxh6 cxd4 31. Bd2 d3 32. Ng4 Bd4+ 33. Kh1 Kg8 34. h3 Qb7 35. Qe4 Be5 36. Nxe5 Rxe5 37. Qg4 Red5 38. Bc3 Qxb3 39. Qf3 Qxc3 0-1


[Site "https://www.chess.com"]

[Event "Titled Tuesday Blitz June 28 Early 2022"]
[White "Molina, Roberto Junio Brito"]
[Black "Kamsky, Gata"]
[WhiteFideId "2109450"]
[BlackFideId "2000024"]
[WhiteElo "2432"]
[BlackElo "2645"]
[Result "0-1"]
[Round "07"]
[TimeControl "180+1"]
[Date "2022.06.28"]
[WhiteClock "0:00:09"]
[BlackClock "0:00:21"]

1. d4 Nf6 2. c4 e6 3. Nf3 b6 4. g3 a5 5. Bg2 Ba6 6. Qc2 c6 7. O-O d5 8. b3 Nbd7 9. Rd1 Be7 10. Ba3 Bxa3 11. Nxa3 O-O 12. Rac1 Rc8 13. Qb2 Qe7 14. Nd2 Rfd8 15. e4 dxe4 16. Nxe4 Nxe4 17. Bxe4 c5 18. Nc2 Qf6 19. Bg2 cxd4 20. Qxd4 Qxd4 21. Nxd4 Nc5 22. Nc6 Rxd1+ 23. Rxd1 Kf8 24. Ne5 Ke7 25. Nc6+ Ke8 26. Rd6 Nb7 27. Rd4 Nc5 28. f4 Bb7 29. Ne5 Bxg2 30. Kxg2 f6 31. Nd3 Ke7 32. Kf3 h5 33. Ke3 Rg8 34. h4 Rc8 35. Nf2 Rc6 36. Ne4 Rc8 37. Nc3 Rg8 38. Nb5 Rd8 39. Rxd8 Kxd8 40. Nd4 Kd7 41. Nf3 Kd6 42. Kd4 g6 43. Nd2 e5+ 44. fxe5+ fxe5+ 45. Ke3 Ke6 46. a3 Kf5 47. b4 axb4 48. axb4 Na6 49. c5 Nxb4 50. cxb6 Nd5+ 51. Kf3 Nxb6 52. Ne4 Nc4 53. Nc5 Nd6 54. Ke3 Kg4 55. Kf2 e4 56. Kg2 e3 57. Nd3 Ne4 58. Ne5+ Kf5 59. Nf3 Nd2 60. Ng1 Kg4 61. Ne2 Kf5 62. Nc3 Ke5 63. Ne2 Ke4 64. Nf4 Kf5 65. Nd5 Ke4 66. Nf4 Nf3 67. Nxg6 e2 0-1


[Site "https://www.chess.com"]

[Event "Titled Tuesday Blitz June 28 Early 2022"]
[White "Mosutha, Thuso"]
[Black "Cremisi, Daniel"]
[WhiteFideId "11302550"]
[BlackFideId "2089882"]
[WhiteElo "2028"]
[BlackElo "2172"]
[Result "1/2-1/2"]
[Round "07"]
[TimeControl "180+1"]
[Date "2022.06.28"]
[WhiteClock "0:00:31"]
[BlackClock "0:00:13"]

1. d4 d5 2. c4 e6 3. Nf3 c6 4. cxd5 exd5 5. g3 Nf6 6. Bg2 Bd6 7. O-O O-O 8. Nc3 Re8 9. Re1 Bg4 10. h3 Bh5 11. Bg5 Nbd7 12. Qc2 Bg6 13. Qb3 Qb6 14. Qxb6 axb6 15. Nh4 Bb4 16. Nxg6 hxg6 17. e4 Bxc3 18. bxc3 dxe4 19. Re2 Ra3 20. c4 Rc3 21. Bxf6 Nxf6 22. Rb2 Rxc4 23. Rxb6 Re7 24. Rab1 Rxd4 25. Rxb7 Rxb7 26. Rxb7 Rd1+ 27. Bf1 Nd5 28. Kg2 e3 29. Rb2 c5 30. Bc4 exf2 31. Kxf2 Nb4 32. a3 Nc6 33. Rb6 Ne5 34. Rb8+ Kh7 35. Be2 Rd6 36. Rc8 Nc6 37. Bf3 Nd4 38. Rxc5 Nxf3 39. Kxf3 Rd3+ 40. Kg4 Rxa3 41. Rc7 f5+ 42. Kf4 Kh6 43. h4 Ra4+ 44. Kf3 g5 45. Rc6+ g6 46. hxg5+ Kxg5 47. Rc3 Ra6 48. Rb3 Kh5 49. Rc3 g5 50. Rb3 Ra4 51. Rb2 g4+ 52. Kf2 Kg5 53. Kg2 Kf6 54. Re2 Re4 55. Rb2 Rd4 56. Rc2 Ke5 57. Rc5+ Rd5 58. Rc2 Ke4 59. Re2+ Kd3 60. Re8 Rd4 61. Kf2 Rd5 62. Re3+ Kd4 63. Re8 Ra5 64. Rd8+ Ke5 65. Rd2 Ra3 66. Re2+ Kd4 67. Rd2+ Rd3 68. Ra2 Ke4 69. Ra4+ Rd4 70. Ra2 Ke5 71. Ra5+ Rd5 72. Ra2 Kf6 73. Ke3 Rb5 74. Ra6+ Kg5 75. Ra2 Rb3+ 76. Kf2 Rf3+ 77. Kg2 Rb3 78. Rc2 Rb4 79. Kf2 Kf6 80. Ra2 Ke5 81. Re2+ Kf6 82. Ra2 Kg5 83. Rc2 Ra4 84. Rd2 Ra1 85. Rb2 Rh1 86. Kg2 Rh8 87. Rc2 Re8 88. Rb2 Re5 89. Kf2 Kf6 90. Rb6+ Re6 91. Rb5 Re5 92. Rb6+ Ke7 93. Rb2 Ke6 94. Rb6+ Kd5 95. Rb5+ Ke4 96. Rb4+ Kd3 97. Rb3+ Kc2 98. Rb8 Rd5 99. Ke3 Rd3+ 100. Kf4 Rf3+ 101. Kg5 Kd3 1/2-1/2


[Site "https://www.chess.com"]

[Event "Titled Tuesday Blitz June 28 Early 2022"]
[White "Namitbir Singh Walia"]
[Black "Arias, Juan Cruz"]
[WhiteFideId "35071068"]
[BlackFideId "118540"]
[WhiteElo "1565"]
[BlackElo "2091"]
[Result "0-1"]
[Round "07"]
[TimeControl "180+1"]
[Date "2022.06.28"]
[WhiteClock "0:01:03"]
[BlackClock "0:02:18"]

1. c4 e5 2. g3 Nc6 3. Bg2 g6 4. Nc3 Bg7 5. e4 d6 6. Nge2 f5 7. d3 Nh6 8. h3 O-O 9. O-O f4 10. gxf4 Qh4 11. f5 gxf5 12. Bxh6 Bxh6 13. exf5 Bxf5 14. Kh2 Kh8 15. Nd5 Rg8 16. Ng3 Nd4 17. Ne7 Bf4 18. Nxf5 Nxf5 0-1


[Site "https://www.chess.com"]

[Event "Titled Tuesday Blitz June 28 Early 2022"]
[White "Nguyen, Quoc Hy"]
[Black "Omariev, Maksim"]
[WhiteFideId "12410853"]
[BlackFideId "4193423"]
[WhiteElo "1938"]
[BlackElo "2484"]
[Result "1-0"]
[Round "07"]
[TimeControl "180+1"]
[Date "2022.06.28"]
[WhiteClock "0:00:06"]
[BlackClock "0:00:01"]

1. d4 d5 2. c4 e6 3. Nc3 Nf6 4. cxd5 exd5 5. Bg5 Be7 6. e3 c6 7. Bd3 Bg4 8. Qc2 Bh5 9. Nge2 Bg6 10. Ng3 Bxd3 11. Qxd3 h6 12. Bf4 O-O 13. Nf5 Nh5 14. Be5 Nd7 15. g4 Nhf6 16. Rg1 Nxe5 17. dxe5 Nd7 18. Qd4 Bc5 19. Qf4 Qe8 20. g5 h5 21. Na4 Bb6 22. Nxb6 axb6 23. a3 Qxe5 24. Qxe5 Nxe5 25. O-O-O g6 26. Nd4 Rfe8 27. h3 Nc4 28. Nf3 b5 29. Nd4 Re7 30. Nb3 Ra4 31. Nc5 Ra7 32. e4 dxe4 33. Rd8+ Kg7 34. Nd7 Re6 35. Nf6 Rxf6 36. gxf6+ Kxf6 37. Re1 Kf5 38. Rd4 e3 39. fxe3 b6 40. Rf1+ Ke6 41. Re4+ Ne5 42. Ref4 f5 43. Rd4 c5 44. Rd8 Re7 45. Rfd1 Nc4 46. R1d3 Kf6 47. b3 Nxe3 48. R8d6+ Kg5 49. Rxb6 c4 50. Rc3 cxb3 51. Rxb3 Nc4 52. R6xb5 Ne5 53. a4 h4 54. a5 Rc7+ 55. Kb1 Nc4 56. a6 Ra7 57. Rc5 Nd2+ 58. Kb2 Nxb3 59. Rc6 Rxa6 60. Rxa6 Nd2 61. Kc3 Ne4+ 62. Kd4 Kf4 63. Rxg6 Nf2 64. Rh6 Kg3 65. Ke3 f4+ 66. Ke2 f3+ 67. Kf1 Nxh3 68. Rg6+ Kf4 69. Rf6+ Kg4 70. Rg6+ Ng5 71. Rh6 Kg3 72. Rg6 Kg4 73. Rh6 h3 74. Rh8 Ne4 75. Rg8+ Kf4 76. Rf8+ Ke3 77. Kg1 f2+ 78. Kh2 Ng5 79. Re8+ Kf3 80. Rf8+ Ke2 81. Re8+ Kf3 82. Rf8+ Kg4 83. Rxf2 Nf3+ 84. Kh1 Ng5 85. Ra2 Nf3 86. Ra4+ Kg3 87. Ra3 Kf2 88. Rc3 Kg3 89. Rc2 Kf4 90. Rc8 Kg3 91. Rg8+ Kf2 92. Rh8 Kg3 93. Rh7 Kg4 94. Rg7+ Kf4 95. Rg8 Kf5 96. Rg3 Ng5 97. Kh2 Kf4 98. Ra3 Kg4 99. Ra4+ Kf3 100. Rb4 Ke3 101. Rg4 Ne4 102. Rg8 Nf2 103. Kg3 Ne4+ 104. Kxh3 Kf4 105. Rf8+ Ke5 106. Rd8 1-0


[Site "https://www.chess.com"]

[Event "Titled Tuesday Blitz June 28 Early 2022"]
[White "Pirvulescu, Ekaterina"]
[Black "Silva, Pedro Gil Ferreira Da"]
[WhiteFideId "13506374"]
[BlackFideId "1946102"]
[WhiteElo "1740"]
[BlackElo "1863"]
[Result "0-1"]
[Round "07"]
[TimeControl "180+1"]
[Date "2022.06.28"]
[WhiteClock "0:00:01"]
[BlackClock "0:01:27"]

1. e4 c5 2. c3 d5 3. exd5 Qxd5 4. d4 cxd4 5. Nf3 Nc6 6. cxd4 e6 7. Nc3 Bb4 8. Bd2 Bxc3 9. Bxc3 Nf6 10. Be2 O-O 11. O-O Rd8 12. b3 b6 13. Bc4 Qh5 14. Ne5 Qxd1 15. Raxd1 Bb7 16. a3 Rac8 17. Bb2 Nd5 18. Rfe1 Na5 19. Rc1 a6 20. a4 Nf4 21. g3 Nd5 22. f4 Nxc4 23. bxc4 Nb4 24. Red1 f6 25. Nd3 Nc6 26. Nf2 Na5 27. c5 bxc5 28. dxc5 Rxd1+ 29. Nxd1 Nb3 30. Ba3 Nxc1 31. Bxc1 Rxc5 32. Be3 Rc2 33. Nf2 Ra2 34. Kf1 Rxa4 35. Ke2 Ra2+ 36. Bd2 a5 37. Ke3 a4 38. Nd3 a3 39. Nb4 Rb2 40. Kd3 a2 41. Bc3 a1=Q 0-1


[Site "https://www.chess.com"]

[Event "Titled Tuesday Blitz June 28 Early 2022"]
[White "Ocelak, Jakub"]
[Black "Polster, Christian"]
[WhiteFideId "23707933"]
[BlackFideId "12965081"]
[WhiteElo "2048"]
[BlackElo "2304"]
[Result "0-1"]
[Round "07"]
[TimeControl "180+1"]
[Date "2022.06.28"]
[WhiteClock "0:00:01"]
[BlackClock "0:00:22"]

1. b3 Nf6 2. Bb2 d5 3. Nf3 c5 4. e3 Nc6 5. Bb5 Bg4 6. h3 Bxf3 7. Qxf3 Rc8 8. d3 Qa5+ 9. Nc3 d4 10. Bxc6+ Rxc6 11. O-O dxc3 12. Bc1 e6 13. e4 Be7 14. Qg3 O-O 15. f4 Qd8 16. Kh1 b5 17. a4 a6 18. f5 exf5 19. Rxf5 c4 20. axb5 axb5 21. Bh6 Ne8 22. Bf4 cxd3 23. cxd3 b4 24. Rd5 Qc8 25. Be5 Bf6 26. Bf4 Nc7 27. Rf5 Bd4 28. Raa5 Ne6 29. Bc1 Qc7 30. Qg4 g6 31. Rfd5 Ba7 32. d4 Nxd4 33. Rd7 Qxa5 34. Bh6 Qa1+ 35. Kh2 Bb8+ 36. g3 Qb2+ 37. Kg1 Qb1+ 38. Kg2 Qc2+ 39. Kg1 Ne2+ 40. Kf2 Rf6+ 41. Ke3 Qc1+ 42. Kxe2 Qxh6 43. e5 Bxe5 0-1


[Site "https://www.chess.com"]

[Event "Titled Tuesday Blitz June 28 Early 2022"]
[White "Odegov, Artem"]
[Black "Janaszak, Dawid"]
[WhiteFideId "34183644"]
[BlackFideId "1119206"]
[WhiteElo "2286"]
[BlackElo "2199"]
[Result "1-0"]
[Round "07"]
[TimeControl "180+1"]
[Date "2022.06.28"]
[WhiteClock "0:00:08"]
[BlackClock "0:00:14"]

1. d4 Nf6 2. c4 e6 3. Nf3 d5 4. Nc3 c6 5. Bg5 Nbd7 6. e3 h6 7. Bh4 Qa5 8. Nd2 Bb4 9. Rc1 O-O 10. Bd3 dxc4 11. Nxc4 Qd8 12. O-O c5 13. d5 Bxc3 14. dxe6 fxe6 15. Rxc3 b6 16. Bg6 Bb7 17. Nd6 Bd5 18. e4 Bc6 19. f4 Qc7 20. Rg3 Kh8 21. e5 Nd5 22. Qg4 Nxf4 23. Rxf4 Nxe5 24. Rxf8+ Rxf8 25. Qxe6 Nxg6 26. Rxg6 c4 27. Be7 Bd7 28. Qe5 Rg8 29. Rxh6# 1-0


[Site "https://www.chess.com"]

[Event "Titled Tuesday Blitz June 28 Early 2022"]
[White "OKEKE, Isaac Chukwudalu"]
[Black "Plazuelo Pascual, Juan"]
[WhiteFideId "8508526"]
[BlackFideId "32059566"]
[WhiteElo "2102"]
[BlackElo "2359"]
[Result "0-1"]
[Round "07"]
[TimeControl "180+1"]
[Date "2022.06.28"]
[WhiteClock "0:00:58"]
[BlackClock "0:01:52"]

1. e4 c5 2. Nf3 Nc6 3. d4 cxd4 4. Nxd4 e5 5. Nb5 d6 6. N1c3 a6 7. Na3 Be6 8. Nd5 Nf6 9. Bg5 Qa5+ 10. Bd2 Qd8 11. Bg5 Bxd5 12. exd5 Qa5+ 13. c3 Qxd5 14. Nc4 Qe4+ 15. Be2 Qxg2 16. Bf3 Qxg5 17. Nxd6+ Bxd6 18. Bxc6+ Ke7 19. Bf3 Qf4 20. Qe2 e4 21. Bg2 Rhe8 22. Rd1 Rad8 0-1


[Site "https://www.chess.com"]